[Event "Early-Titled-Tuesday-Blitz-April-16-2024"]
[Site "Chess.com"]
[Date "2024.04.16"]
[Round "8"]
[White "tantaan"]
[Black "Zavgorodniy_Sergiy"]
[Result "0-1"]
[WhiteElo "2502"]
[BlackElo "2618"]
[TimeControl "180+1"]
[EndTime "9:29:46 PDT"]
[Termination "Zavgorodniy_Sergiy won on time"]

1. e4 c6 2. d4 d5 3. f3 dxe4 4. fxe4 e5 5. Nf3 Bg4 6. Bc4 Nd7 7. O-O Ngf6 8. c3 b5 9. Bb3 Bd6 10. Bg5 Qc7 11. Nbd2 O-O 12. Kh1 Rae8 13. Qe1 Bh5 14. Qh4 Bg6 15. Rae1 c5 16. d5 c4 17. Bc2 Nh5 18.
a4 a6 19. Qh3 Nc5 20. axb5 axb5 21. Nh4 Nf4 22. Bxf4 exf4 23. Nxg6 fxg6 24. Nf3 Be5 25. Ra1 h6 26. Qg4 Kh7 27. Rfd1 Ra8 28. Rxa8 Rxa8 29.
d6 Bxd6 30. e5 Bxe5 31. Qxg6+ Kg8 32. Qh7+ Kf7 33. Qf5+ Bf6 34. Qg6+ Kf8 35. Qh7 Rd8 36.
Re1 Nd3 0-1

[Event "Early-Titled-Tuesday-Blitz-April-16-2024"]
[Site "Chess.com"]
[Date "2024.04.16"]
[Round "8"]
[White "teresin05"]
[Black "Rawnsdale"]
[Result "1-0"]
[WhiteElo "2339"]
[BlackElo "2484"]
[TimeControl "180+1"]
[EndTime "9:29:48 PDT"]
[Termination "teresin05 won by resignation"]

1. e4 c6 2. d4 d5 3. Nc3 dxe4 4. Nxe4 Nf6 5. Nxf6+ exf6 6. Bc4 Bd6 7. Qe2+ Qe7 8.
Qxe7+ Bxe7 9. Ne2 O-O 10. O-O Bf5 11. c3 Nd7 12. Ng3 Bg6 13. Re1 Rfe8 14. Bf4 h5 15. Ne4 Bxe4 16. Rxe4 f5 17. Re2 g5 18. Rae1 Nf6 19. Bxg5 b5 20. Bxf6 bxc4 21. Rxe7 Reb8 22.
R1e2 a5 23. f4 a4 24. a3 Rb3 25. Kf2 Rab8 26. Re8+ Rxe8 27. Rxe8+ Kh7 28. Re2 Kg6 29. Be5 f6 30. Bd6 Rb5 31. Bc5 h4 32. g3 Kh5 33.
Kf3 h3 34. Bb4 Rb7 35. Re6 Kg6 36. Rxc6 Rb8 37. Re6 Rd8 38. g4 Rd5 39. g5 Kh5 40. Rxf6 Rd6 41. Bxd6 1-0

[Event "Early-Titled-Tuesday-Blitz-April-16-2024"]
[Site "Chess.com"]
[Date "2024.04.16"]
[Round "8"]
[White "sorch29"]
[Black "JJDAREK"]
[Result "1-0"]
[WhiteElo "2456"]
[BlackElo "2316"]
[TimeControl "180+1"]
[EndTime "9:29:49 PDT"]
[Termination "sorch29 won on time"]

1. Nf3 g6 2. g3 Bg7 3. Bg2 d6 4. d4 e5 5. O-O h6 6. dxe5 dxe5 7. Qxd8+ Kxd8 8. Rd1+ Nd7 9. Nc3 c6 10. Be3 Kc7 11.
Ne4 f5 12. Nc5 Nxc5 13. Bxc5 e4 14. Bd6+ Kb6 15. Ne5 g5 16. a4 a5 17. e3 Be6 18.
Bf1 Nf6 19. Bc4 Bd5 20. Be7 Bxc4 21. Nxc4+ Ka6 22. Rd6 Nd5 23. Rg6 Nxe7 24. Rxg7 Nd5 25. Nd6 b6 26. Nxf5 Rad8 27. Nd4 c5 28. Nb5 Ra8 29.
Rd1 1-0

[Event "Early-Titled-Tuesday-Blitz-April-16-2024"]
[Site "Chess.com"]
[Date "2024.04.16"]
[Round "8"]
[White "Boorchess"]
[Black "AlainBruxelles"]
[Result "0-1"]
[WhiteElo "2497"]
[BlackElo "2358"]
[TimeControl "180+1"]
[EndTime "9:29:50 PDT"]
[Termination "AlainBruxelles won on time"]

1. e4 c6 2. d4 d5 3. exd5 cxd5 4.
c4 Nf6 5. Nc3 a6 6. Bg5 e6 7. Nf3 Be7 8. c5 Nc6 9. Bd3 b6 10. b4 O-O 11. a3 bxc5 12. bxc5 h6 13. h4 Qa5 14. Bd2 Qc7 15. g4 e5 16. g5 e4 17.
gxf6 Bxf6 18. Nxd5 Qd8 19. Nxf6+ Qxf6 20. Bxe4 Re8 21.
Qe2 Bf5 22. Ne5 Nxd4 23. Ng4 Qg6 24. h5 Qe6 0-1

[Event "Early-Titled-Tuesday-Blitz-April-16-2024"]
[Site "Chess.com"]
[Date "2024.04.16"]
[Round "8"]
[White "GMCarbone"]
[Black "ljuks68"]
[Result "1-0"]
[WhiteElo "2577"]
[BlackElo "2390"]
[TimeControl "180+1"]
[EndTime "9:29:53 PDT"]
[Termination "GMCarbone won by resignation"]

1. d4 d5 2. c4 c6 3. Nf3 Nf6 4. e3 e6 5. Nc3 Nbd7 6. Qc2 Bd6 7. Bd3 dxc4 8. Bxc4 b5 9. Be2 Bb7 10. e4 e5 11. dxe5 Nxe5 12. Nd4 O-O 13. Nf5 Bc7 14.
Bg5 Ng6 15. Rd1 Qb8 16. Bxf6 gxf6 17. g3 Re8 18. Qd2 Bc8 19. Qh6 Bxf5 20. exf5 Nf8 21. Qxf6 Be5 22. Qg5+ Kh8 23. Kf1 f6 24. Qh4 c5 25.
Bf3 b4 26. Ne4 Qb6 27. b3 Rad8 28. Kg2 a5 29. Qh6 a4 30. Bh5 Rxd1 31. Bxe8 1-0

[Event "Early-Titled-Tuesday-Blitz-April-16-2024"]
[Site "Chess.com"]
[Date "2024.04.16"]
[Round "8"]
[White "UNSTOPPABLE_LEGEND"]
[Black "Egor_Koshulyan"]
[Result "0-1"]
[WhiteElo "2561"]
[BlackElo "2725"]
[TimeControl "180+1"]
[EndTime "9:29:56 PDT"]
[Termination "Egor_Koshulyan won by checkmate"]

1. d4 Nf6 2. Bf4 d5 3. e3 c5 4. Nf3 Nc6 5. Nbd2 Qb6 6. dxc5 Qxb2 7. Rb1 Qc3 8. Bb5 g6 9. e4 d4 10. Be5 Bg7 11. Nxd4 Qxc5 12. Bxc6+ bxc6 13. N2f3 O-O 14. Qe2 Qa5+ 15. c3 Ba6 16. Qc2 Qc5 17. Bf4 Ng4 18. h3 e5 19. hxg4 exd4 20. Bd2 Rfd8 21. Rc1 dxc3 22. Bxc3 Bd3 23. Qb2 Rab8 24. Qa1 Bxc3+ 25. Rxc3 Rb1+ 26. Kd2 Qxf2# 0-1

[Event "Early-Titled-Tuesday-Blitz-April-16-2024"]
[Site "Chess.com"]
[Date "2024.04.16"]
[Round "8"]
[White "Gabrielian_Artur"]
[Black "h4parah5"]
[Result "0-1"]
[WhiteElo "2805"]
[BlackElo "3011"]
[TimeControl "180+1"]
[EndTime "9:29:59 PDT"]
[Termination "h4parah5 won by resignation"]

1. e4 c5 2. Nf3 Nc6 3. Bb5 e6 4. Bxc6 bxc6 5. d3 Ne7 6. Nbd2 f6 7. e5 Ng6 8. Qe2 d5 9. exd6 Bxd6 10. Ne4 Be7 11. h4 h5 12. Be3 e5 13. Nfd2 f5 14. Nxc5 f4 15. Qf3 Qd5 16. Nde4 Bg4 17. c4 Qd8 18. Nf6+ gxf6 19. Qxc6+ Kf7 0-1

[Event "Early-Titled-Tuesday-Blitz-April-16-2024"]
[Site "Chess.com"]
[Date "2024.04.16"]
[Round "8"]
[White "maurovargas01"]
[Black "SoCalJuniorChess"]
[Result "0-1"]
[WhiteElo "1896"]
[BlackElo "2190"]
[TimeControl "180+1"]
[EndTime "9:29:59 PDT"]
[Termination "SoCalJuniorChess won by checkmate"]

1. e4 d5 2. e5 c5 3. f4 Nc6 4. Nf3 Bg4 5. Bb5 a6 6. Bxc6+ bxc6 7. O-O e6 8. d3 Rb8 9. Nc3 g6 10. b3 Bg7 11. Na4 c4 12. d4 cxb3 13. axb3 Ne7 14. Nc5 O-O 15. Rxa6 Ra8 16. Rxa8 Qxa8 17. Be3 Nf5 18. Bf2 Qa2 19. Qb1 Ra8 20. Nd2 Bf8 21. Nd7 Bb4 22. Nf6+ Kg7 23. Nxg4 Bxd2 24. g3 Bc3 25. Rd1 h5 26. Ne3 Nxd4 27. Ng2 Nf3+ 28. Kh1 Qxb1 29. Rxb1 Ra2 30. Rc1 Bd2 31. Rd1 Rxc2 32.
Ne3 Bxe3 33. Bxe3 Rxh2# 0-1

[Event "Early-Titled-Tuesday-Blitz-April-16-2024"]
[Site "Chess.com"]
[Date "2024.04.16"]
[Round "8"]
[White "ural58"]
[Black "AlexanderKing"]
[Result "1-0"]
[WhiteElo "2484"]
[BlackElo "2568"]
[TimeControl "180+1"]
[EndTime "9:30:00 PDT"]
[Termination "ural58 won on time"]

1. e4 e6 2. d4 d5 3. Nc3 Bb4 4. Ne2 Nc6 5. a3 Ba5 6. b4 Bb6 7. Be3 Nf6 8. e5 Ng4 9. Nf4 Nxe3 10. fxe3 Qg5 11. g3 h5 12. Qf3 a5 13. h4 Qh6 14. b5 Ne7 15. Bh3 a4 16. O-O f5 17.
exf6 Qxf6 18. Nxe6 Bxe6 19. Qxf6 gxf6 20. Bxe6 Rf8 21. Nxd5 Nxd5 22. Bxd5 Ra5 23. c4 c6 24. bxc6 Ke7 25. cxb7 Rb8 26. Rab1 Bc7 27. Kg2 Bd6 28.
c5 Bc7 29. Bf3 1-0

[Event "Early-Titled-Tuesday-Blitz-April-16-2024"]
[Site "Chess.com"]
[Date "2024.04.16"]
[Round "8"]
[White "jaskol95"]
[Black "GothamChess"]
[Result "0-1"]
[WhiteElo "2539"]
[BlackElo "2668"]
[TimeControl "180+1"]
[EndTime "9:30:01 PDT"]
[Termination "GothamChess won by checkmate"]

1. d4 d5 2. Nc3 Nf6 3. Bf4 a6 4. e3 h6 5. a3 c5 6. dxc5 Nc6 7. b4 e5 8. Bg3 d4 9. Na4 Bf5 10. Nb6 Rb8 11. Nf3 dxe3 12. fxe3 Ng4 13. Bd3 e4 14. Bxb8 Nxb8 15. Nd4 Nxe3 16. Qd2 Qxd4 17. Ke2 exd3+ 18. cxd3 Bg4+ 19. Ke1 Qxa1+ 20. Kf2 Qf6+ 21. Kg3 Qe5+ 22. Kf2 Qf4+ 23. Kg1 Qf1# 0-1

[Event "Early-Titled-Tuesday-Blitz-April-16-2024"]
[Site "Chess.com"]
[Date "2024.04.16"]
[Round "8"]
[White "rionelG"]
[Black "Nutflush"]
[Result "1-0"]
[WhiteElo "2206"]
[BlackElo "2113"]
[TimeControl "180+1"]
[EndTime "9:30:03 PDT"]
[Termination "rionelG won by resignation"]

1. e4 c5 2. g3 Nc6 3. Bg2 g6 4. Ne2 Bg7 5. c3 e5 6. d3 Nge7 7. Be3 d6 8. O-O O-O 9. f4 f5 10. fxe5 Nxe5 11. Nd2 Nxd3 12. Nc4 Ne5 13. Nxd6 fxe4 14. Rxf8+ Qxf8 15. Nxe4 Bg4 16. Bxc5 Nf3+ 17. Kh1 Re8 18. Qb3+ Kh8 19. Rf1 Qf5 20. Nd4 Nxd4 21. Bxd4 Qd5 22. Qxd5 Nxd5 23. Nd6 Rd8 24. Nf7+ 1-0

[Event "Early-Titled-Tuesday-Blitz-April-16-2024"]
[Site "Chess.com"]
[Date "2024.04.16"]
[Round "8"]
[White "Silvederione"]
[Black "laiciffOneslraCsungaM"]
[Result "1-0"]
[WhiteElo "2512"]
[BlackElo "2337"]
[TimeControl "180+1"]
[EndTime "9:30:04 PDT"]
[Termination "Silvederione won by resignation"]

1. d4 d5 2. Nc3 a6 3. Bf4 Bf5 4.
f3 h5 5. e4 Be6 6. Qd2 c6 7.
O-O-O Nf6 8. Kb1 g6 9. Nge2 Bg7 10. Be5 Nbd7 11. Nf4 Nxe5 12. dxe5 Nd7 13. Nxe6 fxe6 14.
f4 Qa5 15. Nxd5 Qxd2 16. Nc7+ Kf7 17. Rxd2 Nc5 18. Nxa8 Rxa8 19. Bd3 g5 20. g3 h4 21. Rf1 Kg6 22. a3 Rd8 23. Kc1 Rf8 24. Rdf2 Bh6 25. Kd1 Na4 26. b3 Nc3+ 27. Kd2 Nb5 28.
a4 Nc7 29. Kc3 Ne8 30. Bc4 Ng7 31. fxg5 Rxf2 32. Rxf2 hxg3 33. gxh6 gxf2 34. hxg7 Kxg7 35. Kd2 1-0

[Event "Early-Titled-Tuesday-Blitz-April-16-2024"]
[Site "Chess.com"]
[Date "2024.04.16"]
[Round "8"]
[White "amanjazu"]
[Black "Chessbard1972"]
[Result "1-0"]
[WhiteElo "2526"]
[BlackElo "2353"]
[TimeControl "180+1"]
[EndTime "9:30:06 PDT"]
[Termination "amanjazu won by resignation"]

1. g3 Nf6 2. f4 g6 3. Nf3 Bg7 4. Bg2 O-O 5. O-O d5 6. d3 c5 7. Nc3 d4 8. Ne4 Nbd7 9. e3 dxe3 10. Bxe3 Qc7 11. Kh1 Nd5 12. Bc1 N7f6 13. Ne5 Rd8 14. Nxf6+ exf6 15. Nc4 b5 16. Ne3 Bb7 17. Nxd5 Bxd5 18. Bxd5 Rxd5 19. Qf3 Rad8 20. Be3 f5 21. Rab1 h5 22. Rfd1 a5 23. Kg2 Qd7 24. Bf2 c4 25. Bb6 cxd3 26. cxd3 Rxd3 27. Bxd8 Rxf3 28. Rxd7 Re3 29.
Rd2 a4 30. Bb6 Re6 31. Bd4 Rd6 32. Rbd1 Bf8 33. Be5 Rc6 34. Rd8 f6 35. Bd6 Rc2+ 36. Kg1 1-0

[Event "Early-Titled-Tuesday-Blitz-April-16-2024"]
[Site "Chess.com"]
[Date "2024.04.16"]
[Round "8"]
[White "Aminazinas"]
[Black "Lily_Schirmbeck"]
[Result "1-0"]
[WhiteElo "2525"]
[BlackElo "1562"]
[TimeControl "180+1"]
[EndTime "9:30:06 PDT"]
[Termination "Aminazinas won by resignation"]

1. e4 c6 2. Nf3 d5 3. Nc3 dxe4 4. Nxe4 Nf6 5. Qe2 Nxe4 6. Qxe4 Qd5 7. Qf4 e6 8. Bc4 Qd6 9. Qe4 Be7 10. O-O O-O 11. d4 Bf6 12. c3 Rd8 13. Bg5 Qe7 14. Bd3 g6 15. Qh4 Nd7 16. Rfe1 Bxg5 17. Nxg5 Nf8 18.
Re3 h5 19. Qf4 Nh7 20. Nxh7 Kxh7 21. Rae1 Kg7 22. Re5 Qf6 23. Qg3 Rd5 24. Bc4 Rxe5 25. Rxe5 b6 26. Rxh5 Bb7 27. h4 Rd8 28. b4 c5 29.
bxc5 bxc5 30. Rxc5 Bd5 31. Bxd5 Rxd5 32. Rxd5 exd5 33.
Qe5 Qxe5 34. dxe5 Kf8 35. f4 Ke7 36. Kf2 Ke6 37. g4 f6 38. exf6 Kxf6 39. Ke3 Ke6 40.
Kd4 Kd6 41. f5 gxf5 42. gxf5 a5 43. h5 1-0

[Event "Early-Titled-Tuesday-Blitz-April-16-2024"]
[Site "Chess.com"]
[Date "2024.04.16"]
[Round "8"]
[White "yuriydovzik"]
[Black "romulocardoso"]
[Result "0-1"]
[WhiteElo "2132"]
[BlackElo "2313"]
[TimeControl "180+1"]
[EndTime "9:30:06 PDT"]
[Termination "romulocardoso won on time"]

1. e4 c5 2. Nf3 g6 3. h4 h5 4. Nc3 Nc6 5. Bc4 Bg7 6. d3 a6 7. a4 d6 8. Ng5 Ne5 9. Ba2 Nh6 10. f3 Bd7 11. Be3 b5 12. Bd5 Rb8 13. axb5 axb5 14. Qd2 b4 15. Nd1 Bc6 16. Bxc6+ Nxc6 17. O-O Nd4 18. Nf2 b3 19. Bxd4 Bxd4 20. c3 Bg7 21.
Nfh3 O-O 22. Ra3 Qb6 23. Rfa1 c4+ 24. d4 e5 25. Ra6 Qc7 26. d5 Rfd8 27. Nf2 Rb7 28.
Nd1 Bf8 0-1

[Event "Early-Titled-Tuesday-Blitz-April-16-2024"]
[Site "Chess.com"]
[Date "2024.04.16"]
[Round "8"]
[White "kritipatel"]
[Black "LileKoridze"]
[Result "0-1"]
[WhiteElo "2181"]
[BlackElo "2382"]
[TimeControl "180+1"]
[EndTime "9:30:07 PDT"]
[Termination "LileKoridze won by resignation"]

1. e4 c5 2. d4 cxd4 3. c3 dxc3 4.
Nxc3 d6 5. Nf3 a6 6. Bc4 e6 7.
O-O Nf6 8. Qe2 Nc6 9. Rd1 Qc7 10. h3 Be7 11. Bf4 O-O 12. Rac1 b5 13. Nxb5 axb5 14. Bxb5 Bd7 15. Bxc6 Bxc6 16. Nd4 Qb7 17. Nxc6 Rfe8 18. Nxe7+ Rxe7 19. Bxd6 Rd7 20. e5 Nd5 21. Qc4 h6 22. a4 Qxb2 23. Rb1 Qc3 24. Qb5 Rda7 25.
Rbc1 Qa5 26. Bc5 Qxa4 27. Qd3 Rb7 28. Qg3 Rb3 29. Be3 Nxe3 30. fxe3 Qe4 31. Re1 Raa3 32. Rc8+ Kh7 33. Rc7 Rxe3 34. Rxe3 Rxe3 35. Qf2 Re1+ 36.
Kh2 Qxe5+ 37. Qg3 Rh1+ 38. Kxh1 Qxg3 39. Rxf7 e5 40. Re7 Qf4 41. Re6 e4 42. Re8 e3 43.
Kg1 Qf2+ 44. Kh2 e2 45. Re7 e1=Q 46. Rxe1 Qxe1 47. h4 Qxh4+ 48. Kg1 Qg3 0-1

[Event "Early-Titled-Tuesday-Blitz-April-16-2024"]
[Site "Chess.com"]
[Date "2024.04.16"]
[Round "8"]
[White "stepanosinovsky"]
[Black "Ati1517"]
[Result "1-0"]
[WhiteElo "2389"]
[BlackElo "2226"]
[TimeControl "180+1"]
[EndTime "9:30:07 PDT"]
[Termination "stepanosinovsky won by resignation"]

1. e4 c5 2. Nf3 d6 3. d4 cxd4 4. Nxd4 Nf6 5. Nc3 a6 6. Be3 e5 7. Nb3 Be7 8. Qd2 O-O 9. f4 Nc6 10. O-O-O Ng4 11. g3 Nxe3 12. Qxe3 Be6 13. Kb1 b5 14. f5 Bg5 15. Qd3 Bxb3 16. axb3 Nd4 17. Nd5 Rc8 18. h4 Be7 19. Rd2 Re8 20. g4 Bxh4 21. Rdh2 Bg5 22. Rxh7 f6 23. R1h2 Rc5 24. b4 Rxd5 25. exd5 Bh6 26. R7xh6 gxh6 27. c3 Nb3 28. Rxh6 Kg7 29. Qh3 Rh8 30. Rxh8 Qxh8 31. Qxh8+ Kxh8 32. Kc2 Na1+ 33. Kd1 Nb3 34. Bd3 a5 35. bxa5 Nxa5 36. Bxb5 Kg7 37. b4 Nb7 38. Bc6 Nd8 39. b5 Kf7 40. b6 Ke7 41. b7 Nxb7 42. Bxb7 1-0

[Event "Early-Titled-Tuesday-Blitz-April-16-2024"]
[Site "Chess.com"]
[Date "2024.04.16"]
[Round "8"]
[White "GMSrinath"]
[Black "Sanan_Sjugirov"]
[Result "1-0"]
[WhiteElo "2828"]
[BlackElo "3029"]
[TimeControl "180+1"]
[EndTime "9:30:11 PDT"]
[Termination "GMSrinath won by resignation"]

1. e4 c5 2. Nf3 d6 3. d4 cxd4 4.
Nxd4 Nf6 5. Nc3 a6 6. h3 e5 7.
Nde2 h5 8. Bg5 Be6 9. g3 Nbd7 10. Bg2 Be7 11. O-O b5 12. a3 Rc8 13. Qd2 O-O 14.
Rad1 Qc7 15. Kh1 Rfd8 16. f4 Nb6 17. b3 Qb7 18. f5 Bd7 19. Bxf6 Bxf6 20. g4 hxg4 21.
hxg4 Bc6 22. g5 Be7 23. f6 Bf8 24. Nd5 Bxd5 25. exd5 Qd7 26. fxg7 Bxg7 27. Ng3 Qg4 28. Nf5 Rc7 29. Qf2 Nc8 30. Nxg7 1-0

[Event "Early-Titled-Tuesday-Blitz-April-16-2024"]
[Site "Chess.com"]
[Date "2024.04.16"]
[Round "8"]
[White "Attacker_2006"]
[Black "GatoRojo150"]
[Result "1-0"]
[WhiteElo "2463"]
[BlackElo "2598"]
[TimeControl "180+1"]
[EndTime "9:30:12 PDT"]
[Termination "Attacker_2006 won by resignation"]

1. e4 e5 2. Nc3 Nf6 3. Bc4 Nxe4 4. Qh5 Nd6 5. Qxe5+ Qe7 6. Qxe7+ Bxe7 7. Bb3 Nf5 8.
Nf3 c6 9. d4 d5 10. O-O O-O 11.
Bf4 Nd7 12. Rfe1 Bd6 13. Ne2 a5 14. c3 Nf6 15. Bc2 Bxf4 16. Nxf4 Nd6 17. Ne5 a4 18. a3 Nd7 19. Nfd3 f6 20. Nxd7 Bxd7 21. Nc5 Bf5 22. Bxa4 b6 23. Bxc6 bxc5 24. Bxd5+ Kh8 25. Bxa8 Rxa8 26.
dxc5 Nc4 27. b3 Nd2 28. b4 Nc4 29. a4 Bd7 30. b5 Nb2 31. c6 Be8 32. h3 h5 33. c7 Kh7 34. Rxe8 Rxe8 35. b6 Nxa4 36. Rxa4 Re1+ 37. Kh2 1-0

[Event "Early-Titled-Tuesday-Blitz-April-16-2024"]
[Site "Chess.com"]
[Date "2024.04.16"]
[Round "8"]
[White "flawian2008"]
[Black "Meri-Arabidze"]
[Result "0-1"]
[WhiteElo "2552"]
[BlackElo "2685"]
[TimeControl "180+1"]
[EndTime "9:30:14 PDT"]
[Termination "Meri-Arabidze won by resignation"]

1. e4 c5 2. Nf3 e6 3. d4 cxd4 4. Nxd4 Nc6 5. Nc3 a6 6. Be3 Nf6 7. a3 Qc7 8. Be2 Be7 9. O-O O-O 10. f4 d6 11. Qe1 Nxd4 12. Bxd4 b5 13. Qg3 Bb7 14.
Rae1 g6 15. Bd3 Nh5 16. Qf2 Nxf4 17. Qxf4 e5 18. Qf2 exd4 19. Qxd4 Qc5 20. Qxc5 dxc5 21. Nd5 Bg5 22. c4 bxc4 23. Bxc4 Kg7 24. Rf3 Rad8 25. Rd3 Rd7 26. g3 Rfd8 27. h4 Bf6 28. e5 Bxd5 29. exf6+ Kxf6 30. Bxa6 Be6 31. Rf3+ Kg7 32. Rf2 c4 33.
Bb5 Rd3 34. a4 Rxg3+ 35. Kh1 Rh3+ 36. Rh2 Rxh2+ 37. Kxh2 Rd2+ 38. Kg3 Rxb2 39. a5 Rxb5 0-1

[Event "Early-Titled-Tuesday-Blitz-April-16-2024"]
[Site "Chess.com"]
[Date "2024.04.16"]
[Round "8"]
[White "NewYearGirl"]
[Black "lefonghua"]
[Result "1/2-1/2"]
[WhiteElo "2385"]
[BlackElo "2589"]
[TimeControl "180+1"]
[EndTime "9:30:15 PDT"]
[Termination "Game drawn by repetition"]

1. e4 c5 2. Nf3 g6 3. c4 Bg7 4. d4 cxd4 5. Nxd4 Nc6 6. Be3 Nf6 7. Nc3 d6 8. Be2 O-O 9. O-O Bd7 10. Rc1 Nxd4 11. Bxd4 Bc6 12. f3 a5 13. b3 Nd7 14. Bxg7 Kxg7 15. Qd4+ Kg8 16. Nd5 Bxd5 17. cxd5 Nc5 18. e5 Qb6 19. f4 Nd7 20. Qxb6 Nxb6 21. Rc7 Nxd5 22. Rxb7 dxe5 23. fxe5 e6 24. Bf3 a4 25. Bxd5 exd5 26. b4 Rae8 27. Re1 Re6 28. Rd7 a3 29. Rxd5 Rb8 30. b5 Rc8 31. Rd3 Rc5 32. Rxa3 Rxb5 33. Rae3 Ra5 34. a3 Rea6 35.
Ra1 Re6 36. Rae1 Rea6 37. Ra1 Re6 38. Rae1 1/2-1/2

[Event "Early-Titled-Tuesday-Blitz-April-16-2024"]
[Site "Chess.com"]
[Date "2024.04.16"]
[Round "8"]
[White "LegenDaDaDa"]
[Black "NastyaHn"]
[Result "1-0"]
[WhiteElo "2315"]
[BlackElo "2465"]
[TimeControl "180+1"]
[EndTime "9:30:19 PDT"]
[Termination "LegenDaDaDa won on time"]

1. d4 d5 2. c4 e6 3. cxd5 exd5 4. Nc3 Nf6 5. Bg5 Be7 6. e3 O-O 7. Bd3 c6 8. Nge2 Re8 9. Qc2 Nbd7 10. O-O h6 11.
Bh4 Nf8 12. f3 Ne6 13. Bf2 c5 14. Rae1 cxd4 15. Nxd4 Nxd4 16. exd4 Bd7 17. Bf5 Rc8 18. a3 Bd6 19. Kh1 b5 20. Qd3 a6 21. Rxe8+ Qxe8 22. Re1 Qd8 23. Bh4 g5 24. Bf2 Kg7 25. h4 Rb8 26.
Ne2 b4 27. Ng3 bxa3 28. bxa3 Rb2 29. Bxd7 Qxd7 30. Nf5+ Kf8 31. Kg1 Bf4 32. g3 Rd2 33. Qb1 Bd6 34. Nxh6 gxh4 35. g4 Bf4 36. Nf5 1-0

[Event "Early-Titled-Tuesday-Blitz-April-16-2024"]
[Site "Chess.com"]
[Date "2024.04.16"]
[Round "8"]
[White "Kushch_Nikolai"]
[Black "DonCiao"]
[Result "1-0"]
[WhiteElo "2370"]
[BlackElo "2075"]
[TimeControl "180+1"]
[EndTime "9:30:19 PDT"]
[Termination "Kushch_Nikolai won by resignation"]

1. Nf3 Nf6 2. d4 g6 3. c4 Bg7 4. g3 d5 5. cxd5 Nxd5 6. Bg2 Nb6 7. O-O Nc6 8. e3 O-O 9. Nc3 Re8 10. a3 a5 11. d5 Ne5 12. Nxe5 Bxe5 13. e4 e6 14. Qb3 a4 15. Qa2 c6 16. Rd1 exd5 17. exd5 cxd5 18. Nxd5 Be6 19. Be3 Nxd5 20. Bxd5 Bxd5 21. Rxd5 Qf6 22. Rad1 Bxb2 23. Rb1 Bc3 24. Rxb7 Rad8 25. Rdd7 Rxd7 26. Rxd7 Qe6 27. Qxe6 fxe6 28. Ra7 Rb8 29. Rxa4 Rb3 30. Ra7 Bg7 31. a4 Ra3 32. a5 e5 33. Kg2 Bf8 34.
Ra8 Kf7 35. a6 Be7 36. a7 Ra2 37. Rb8 Rxa7 38. Bxa7 1-0

[Event "Early-Titled-Tuesday-Blitz-April-16-2024"]
[Site "Chess.com"]
[Date "2024.04.16"]
[Round "8"]
[White "GAO"]
[Black "tarno17"]
[Result "1-0"]
[WhiteElo "2327"]
[BlackElo "2130"]
[TimeControl "180+1"]
[EndTime "9:30:20 PDT"]
[Termination "GAO won on time"]

1. a3 e5 2. c4 c6 3. d4 e4 4. Nc3 d5 5. Qb3 Nf6 6. Bg5 dxc4 7.
Qxc4 Be6 8. Qa4 b5 9. Qd1 Bd5 10. e3 Be7 11. Nh3 O-O 12. Nf4 h6 13. Bxf6 Bxf6 14.
Nfxd5 cxd5 15. Bxb5 a6 16. Be2 Nc6 17. O-O Ne7 18.
b4 Qd6 19. Qb3 Rfd8 20. Na4 Ng6 21. Nc5 Be7 22. Nb7 Qf6 23. Nxd8 Rxd8 24. a4 Qh4 25.
Rfc1 Bd6 26. g3 Qh3 27. Bf1 Qh5 28. b5 Qg4 29. bxa6 Nh4 30. Bg2 Nf3+ 31. Bxf3 exf3 32. Qb5 Qh3 33. Qf1 Qh5 34. a7 Ra8 35. Rc6 Be7 36.
Rc7 Bd6 37. Rb7 Qg4 38. Rab1 Kh7 39. Rxf7 Kg6 40. Rbb7 1-0

[Event "Early-Titled-Tuesday-Blitz-April-16-2024"]
[Site "Chess.com"]
[Date "2024.04.16"]
[Round "8"]
[White "Jojo_898"]
[Black "KorolDimitriy75"]
[Result "1-0"]
[WhiteElo "2455"]
[BlackElo "2313"]
[TimeControl "180+1"]
[EndTime "9:30:23 PDT"]
[Termination "Jojo_898 won by checkmate"]

1. e4 c5 2. Nf3 d6 3. c3 Nf6 4.
Bd3 g6 5. O-O Bg7 6. h3 O-O 7.
Bc2 e5 8. d4 exd4 9. cxd4 cxd4 10. Nxd4 Re8 11. Nc3 a6 12. Bg5 h6 13. Bh4 Nc6 14.
Nxc6 bxc6 15. Bg3 d5 16. exd5 Nxd5 17. Nxd5 cxd5 18. Rb1 Qa5 19. Bb3 Bf5 20. Bc2 Bxc2 21. Qxc2 Qxa2 22. Rfd1 Red8 23. Re1 Rac8 24. Qd3 Qc4 25.
Qf3 Rd7 26. Be5 d4 27. Bf4 Qd5 28. Qd3 Qb5 29. Qd2 Kh7 30. Re4 d3 31. b4 Rc2 32.
Qe3 d2 33. Rd1 Rd3 34. Qa7 Qd5 35. Re7 Rc1 36. Rxc1 dxc1=Q+ 37. Bxc1 Rd1+ 38. Kh2 Rxc1 39. Rxf7 Qd6+ 40. g3 Qd5 41. Rxg7+ Kh8 42. Rh7+ Kg8 43. Qg7# 1-0

[Event "Early-Titled-Tuesday-Blitz-April-16-2024"]
[Site "Chess.com"]
[Date "2024.04.16"]
[Round "8"]
[White "Msb2"]
[Black "VerdeNotte"]
[Result "1/2-1/2"]
[WhiteElo "3017"]
[BlackElo "2884"]
[TimeControl "180+1"]
[EndTime "9:30:24 PDT"]
[Termination "Game drawn by repetition"]

1. d4 d5 2. c4 e6 3. Nc3 a6 4. e4 dxe4 5. Nxe4 Nf6 6. Nxf6+ Qxf6 7. Nf3 Bb4+ 8. Bd2 Bxd2+ 9. Qxd2 b6 10. O-O-O Bb7 11.
Qe3 Nd7 12. Ne5 Nxe5 13. dxe5 Qe7 14. Bd3 O-O-O 15. Be4 Bxe4 16. Qxe4 Kb8 17. f4 Rxd1+ 18. Rxd1 Rd8 19. Rxd8+ Qxd8 20. g3 g6 21. Kc2 Qd7 22.
b3 h5 23. h3 c5 24. g4 hxg4 25. hxg4 Qb7 26. Kd3 Qd7+ 27. Ke2 b5 28. cxb5 axb5 29.
a4 c4 30. axb5 cxb3 31. Qd3 Qxd3+ 32. Kxd3 Kc7 33. Kc3 Kb6 34. Kxb3 Kxb5 35. g5 Kc5 36. Kc3 Kb5 37. Kb3 Kc5 38. Kc3 Kb5 39. Kb3 1/2-1/2

[Event "Early-Titled-Tuesday-Blitz-April-16-2024"]
[Site "Chess.com"]
[Date "2024.04.16"]
[Round "8"]
[White "bylavochka"]
[Black "Orphanator2009"]
[Result "0-1"]
[WhiteElo "2351"]
[BlackElo "2523"]
[TimeControl "180+1"]
[EndTime "9:30:24 PDT"]
[Termination "Orphanator2009 won by checkmate"]

1. e4 c5 2. Nf3 d6 3. d4 cxd4 4. Nxd4 Nf6 5. Nc3 Nc6 6. Be3 Ng4 7. Nxc6 bxc6 8. Bc1 g6 9. Be2 h5 10. h3 Nf6 11. Be3 Bg7 12. Qd2 Qa5 13. O-O O-O 14. Bh6 Rb8 15. Bxg7 Kxg7 16. Rab1 Rd8 17. Rfd1 Be6 18.
a3 Rd7 19. Qe3 Rdb7 20. Qc1 Qe5 21. f4 Qc5+ 22. Kh2 Qf2 23. Rf1 Qd4 24. f5 Qe5+ 25. Kh1 Bd7 26. fxg6 fxg6 27. Bd3 Rh8 28. Be2 Be6 29. Bd3 Rbb8 30. Qd2 Rbf8 31. Rf2 Ng4 32. hxg4 hxg4+ 33. Kg1 Qd4 34. g3 Rh3 35. Kg2 Rxf2+ 36. Qxf2 Rh2+ 37. Kxh2 Qxf2+ 38. Kh1 Qxg3 39. Ne2 Qh3+ 40.
Kg1 g3 41. Nf4 Qh2+ 42. Kf1 Qf2# 0-1

[Event "Early-Titled-Tuesday-Blitz-April-16-2024"]
[Site "Chess.com"]
[Date "2024.04.16"]
[Round "8"]
[White "2Coaches1Profile"]
[Black "GelmanAlexander"]
[Result "1-0"]
[WhiteElo "2562"]
[BlackElo "2659"]
[TimeControl "180+1"]
[EndTime "9:30:25 PDT"]
[Termination "2Coaches1Profile won by resignation"]

1. e4 c5 2. c3 e6 3. d4 d5 4. exd5 exd5 5. Nf3 Nc6 6. Bb5 Nf6 7. O-O Bd6 8. Re1+ Be6 9. Be3 cxd4 10. Nxd4 O-O 11.
Nd2 Bg4 12. Qa4 Ne5 13. Bf1 a6 14. Qb3 Qc7 15. h3 Bd7 16. Bg5 Nh5 17. Qxd5 h6 18. Be3 Nf6 19. Qb3 Rad8 20. Rad1 b5 21. N2f3 Ng6 22.
Bd3 Kh8 23. Bc1 Bc8 24. Bxg6 fxg6 25. Ne6 Bxe6 26. Rxe6 Bc5 27. Be3 Bxe3 28. Rxe3 Rxd1+ 29. Qxd1 Nh5 30. Re4 Nf4 31. Kh1 g5 32. Qd4 Nxh3 33.
gxh3 Rxf3 34. Re8+ Kh7 35. Qe4+ 1-0